 Dungeon Crawl Stone Soup version 0.22.0-13-g43fe8f24b8 (webtiles) character file.

1827 Kirk the Destroyer (level 8, -3/41 HPs)
             Began as a Deep Elf Fire Elementalist on Aug 16, 2018.
             Was a Follower of Vehumet.
             Killed by divine providence
             ... invoked by an orc priest
              (11 damage)
             ... on level 6 of the Dungeon.
             The game lasted 00:16:17 (5461 turns).

Kirk the Destroyer (Deep Elf Fire Elementalist)     Turns: 5461, Time: 00:16:17

Health: -3/41      AC: 10    Str:  5    XL:     8   Next: 86%
Magic:  22/22      EV: 13    Int: 23    God:    Vehumet [*.....]
Gold:   370        SH:  0    Dex: 15    Spells: 13/23 levels left

rFire    . . .     SeeInvis +   i - +2 whip (elec)
rCold    . . .     Gourm    .   (no shield)
rNeg     . . .     Faith    .   a - +0 robe
rPois    .         Spirit   .   (no helmet)
rElec    .         Reflect  .   q - +0 cloak
rCorr    .         Harm     .   k - +1 pair of gloves
MR       .....                  (no boots)
Stlth    ++........             (no amulet)
HPRegen  0.13/turn              l - ring of see invisible
MPRegen  0.18/turn              y - +5 ring of protection

@: no status effects
A: no striking features
a: Renounce Religion


You were on level 6 of the Dungeon.
You worshipped Vehumet.
Vehumet was aware of your devotion.
You were not hungry.

You visited 2 branches of the dungeon, and saw 7 of its levels.
You also visited: Ossuary.

You collected 370 gold pieces.

Inventory:

Hand Weapons
 i - a +2 whip of electrocution (weapon)
Armour
 a - a +0 robe (worn)
 k - a +1 pair of gloves (worn)
 q - a +0 cloak (worn)
Jewellery
 l - a ring of see invisible (left hand)
 m - an uncursed ring of flight
 y - a +5 ring of protection (right hand)
Wands
 w - a wand of polymorph (23)
 A - a wand of digging (11)
Scrolls
 f - 7 scrolls of remove curse
 g - 2 scrolls of amnesia
 j - 3 scrolls of enchant weapon
 p - a scroll of identify
 u - a scroll of teleportation
 x - a scroll of magic mapping
Potions
 b - 4 potions of haste
 d - a potion of might
 e - 3 potions of brilliance
 h - 3 potions of curing
 n - 3 potions of resistance
 o - a potion of berserk rage
 r - a potion of mutation
 s - a potion of ambrosia
 v - a potion of agility
 z - 2 potions of flight
Comestibles
 c - 5 rations


   Skills:
 - Level 2.3 Maces & Flails
 - Level 2.4 Dodging
 - Level 2.4 Stealth
 + Level 8.2 Spellcasting
 * Level 8.2 Conjurations
 + Level 6.8 Fire Magic


You had 13 spell levels left.
You knew the following spells:

 Your Spells              Type           Power        Failure   Level  Hunger
a - Flame Tongue          Conj/Fire      #####        1%          1    None
b - Throw Flame           Conj/Fire      #####.       1%          2    None
c - Conjure Flame         Conj/Fire      #####...     1%          3    None
d - Sticky Flame          Conj/Fire      #####...     3%          4    ###....

Your spell library contained the following spells:

 Spells                   Type           Power        Failure   Level  Hunger
 Fireball                 Conj/Fire      #####.....   9%          5    #####..
 Inner Flame              Hex/Fire       ####....     4%          3    None


Dungeon Overview and Level Annotations

Branches:
Dungeon (6/15)             Temple (1/1) D:4

Altars:
Ashenzari
Cheibriados
Elyvilon
Fedhas
Gozag
Hepliaklqana
Kikubaaqudgha
Makhleb
Nemelex Xobeh
Okawaru
Qazlal
Trog
Uskayaw
Vehumet
Wu Jian
Xom
Zin

Shops:
D:4 *

Annotations:
D:6 Pikel


Message History

A slave comes into view.
An orc comes into view. It is wielding a mace.
The slave moves out of view.
You hear a shout!
The orc shouts!
You hear a shout!
Found 16 gold pieces.
Found a stone staircase leading up.
The gnoll shouts!
You see here 19 gold pieces.
The gnoll shouts!
The orc priest calls down the wrath of Beogh upon you.
Beogh smites you!
The orc wizard mumbles some strange words.
The orc wizard flickers and vanishes for a moment.
The gnoll sergeant hits you from afar with an enchanted trident!
* * * LOW HITPOINT WARNING * * *
You see here a yellow potion.
Unknown command.
The gnoll hits you but does no damage.
The orc priest mumbles some strange prayers to Beogh against you.
Beogh smites you!
You die...

#.#.# # #.. #o#o# #.. #..
####.#$# #... #.. #####.....o#
#...# ######.. #..........#
#....#....[.. #........gp#
#....#.####.. #.......ggg#
#.......####.
#....<##g#o#####....#.....(.
...g....##...@...#....#...###.
....########.###.#.#.##...#.#.
... #... #........#... . #...
# #...###..#.##
#...##.#............
#.>.##.#.....#..#.#.
#............##.#.#
#..>.#.#........# .
#.#..##########


You could see a slave, a gnoll sergeant, an orc priest, an orc wizard, 4 gnolls
and 2 orcs.

Vanquished Creatures
  An orc warrior (D:4)
  A sky beast (D:5)
  A hornet zombie (Ossuary)
  An ogre (D:6)
  A phantom (D:5)
  3 bullfrogs
  A scorpion (D:4)
  A crimson imp (D:6)
  3 bullfrog zombies (Ossuary)
  A hound (D:6)
  A bullfrog skeleton (D:5)
  3 centaur zombies (Ossuary)
  A jelly (D:6)
  6 orc wizards
  2 orc priests
  Crazy Yiuf (D:5)
  An iguana (D:6)
  2 worker ants
  2 killer bee zombies (Ossuary)
  A hound zombie (Ossuary)
  15 mummies (Ossuary)
  2 worker ant zombies (Ossuary)
  7 adders
  A shadow imp (D:5)
  2 oozes
  An adder skeleton (D:4)
  2 adder zombies
  2 worms (D:2)
  5 dart slugs
  2 leopard geckos
  12 orcs
  12 bats
  3 giant cockroaches
  7 goblins
  3 hobgoblins
  14 jackals
  2 quokkas
  7 frilled lizards
  10 kobolds
  5 leopard gecko zombies
  6 rats
154 creatures vanquished.

Vanquished Creatures (others)
  2 withered plants (Ossuary)
2 creatures vanquished.

Grand Total: 156 creatures vanquished

Notes
Turn   | Place    | Note
-------+----------+-------------------------------------------
     0 | D:1      | Kirk the Deep Elf Fire Elementalist began the quest for the Orb.
     0 | D:1      | Reached XP level 1. HP: 10/10 MP: 6/6
   297 | D:1      | Reached XP level 2. HP: 14/15 MP: 1/8
   819 | D:2      | Reached XP level 3. HP: 13/19 MP: 6/10
  1099 | D:2      | Found a faded altar of an unknown god.
  1196 | D:2      | Reached XP level 4. HP: 23/24 MP: 6/11
  2166 | D:3      | Reached XP level 5. HP: 26/28 MP: 4/13
  2344 | D:3      | Learned a level 2 spell: Throw Flame
  2348 | D:3      | Learned a level 3 spell: Conjure Flame
  2427 | D:4      | Found Gozag's Platinum Reserve.
  2436 | D:4      | Found an opulent altar of Gozag.
  2490 | D:4      | Found a hazy altar of Hepliaklqana.
  2506 | D:4      | Found a sand-covered staircase.
  2521 | Ossuary  | Entered an ossuary
  2565 | Ossuary  | Reached skill level 5 in Spellcasting
  2565 | Ossuary  | Reached XP level 6. HP: 17/32 MP: 1/15
  2632 | Ossuary  | Reached skill level 1 in Maces & Flails
  2632 | Ossuary  | Reached skill level 5 in Fire Magic
  2689 | Ossuary  | Reached skill level 5 in Conjurations
  2770 | Ossuary  | Reached XP level 7. HP: 25/36 MP: 8/17
  2832 | Ossuary  | Learned a level 4 spell: Sticky Flame
  3679 | D:4      | Found a staircase to the Ecumenical Temple.
  3685 | Temple   | Entered the Ecumenical Temple
  3794 | Temple   | Became a worshipper of Vehumet
  3927 | D:5      | Entered Level 5 of the Dungeon
  3980 | D:5      | Reached XP level 8. HP: 40/41 MP: 9/20
  4713 | D:5      | Found a runed door.
  4961 | D:5      | Noticed Crazy Yiuf
  4965 | D:5      | Killed Crazy Yiuf
  5333 | D:6      | Reached * piety under Vehumet
  5333 | D:6      | Offered knowledge of Freeze by Vehumet.
  5410 | D:6      | Found an iron altar of Okawaru.
  5452 | D:6      | Noticed Pikel
  5461 | D:6      | Killed from afar by an orc priest

Skill      XL: |  1  2  3  4  5  6  7  8 |
---------------+-------------------------+-----
Fire Magic     | 4 5 6 |  6.8
Conjurations   | 2 3 4 5 6 8 |  8.2
Spellcasting   | 4 5 6 8 |  8.2
Maces & Flails | 1 2 |  2.3
Dodging        | |  2.4
Stealth        | |  2.4

Action                   |  1- 3 |  4- 6 |  7- 9 || total
-------------------------+-------+-------+-------++-------
Melee: Whip              |       |    40 |    54 ||    94
 Cast: Flame Tongue      |    54 |    97 |   111 ||   262
       Throw Flame       |       |       |    26 ||    26
       Sticky Flame      |       |       |     5 ||     5
       Conjure Flame     |       |       |     4 ||     4
Evoke: Wand              |       |       |     1 ||     1
  Use: Scroll            |       |    15 |     7 ||    22
       Potion            |       |     4 |     2 ||     6
 Stab: Distracted        |       |     1 |       ||     1
       Sleeping          |       |       |     1 ||     1
  Eat: Chunk             |       |     4 |     7 ||    11
       Ration            |       |     1 |       ||     1
Armor: Robe              |     4 |    17 |    42 ||    63
Dodge: Dodged            |    10 |    48 |    66 ||   124
